 Dungeon Crawl Stone Soup version 0.32-a0-42-ga30500b4d3 (webtiles) character file.

Game seed: 17207369999293344888

8441 lunkers the Warrior (level 11, -15/210 HPs)
             Began as an Oni Berserker on Jan 31, 2024.
             Was a High Priest of Trog.
             Demolished by a molten gargoyle
             ... wielding a +0 mace
              (17 damage)
             ... on level 11 of the Dungeon.
             The game lasted 00:12:01 (11072 turns).

lunkers the Warrior (Oni Berserker)                Turns: 11072, Time: 00:12:02

Health: -15/210    AC:  6    Str: 27    XL:     11   Next: 30%
Magic:  11/11      EV: 10    Int:  8    God:    Trog [*****.]
Gold:   523        SH:  0    Dex:  8    Spells: 10/10 levels left

rFire   + . .        p - +6 great mace of the Thirteen Prophets {heavy, rF+}
rCold   . . .        (shield currently unavailable)
rNeg    + . .        s - +1 animal skin
rPois   .            r - +2 hat
rElec   .            (no cloak)
rCorr   .            (gloves unavailable)
SInv    .            (boots unavailable)
Will    +....        h - amulet of the acrobat Stlth
                     l - ring of positive energy
HPRegen 0.55/turn    (no ring)
MPRegen 0.12/turn

%: acrobat
@: berserking, very quick
A: large, unfitting armour, horns 1, tough skin 1, double potion healing,
drunken brawling
a: Renounce Religion, Berserk, Trog's Hand, Brothers in Arms


You were on level 11 of the Dungeon.
You worshipped Trog.
Trog was extremely pleased with you.
You visited 1 branch of the dungeon, and saw 11 of its levels.

You collected 523 gold pieces.

Inventory:

Hand Weapons
 a - a +5 battleaxe of draining
 m - the +8 war axe of the Devouring Gods {protect, Int+6}
   (You found it on level 6 of the Dungeon)

   Int+6:     It affects your intelligence (+6).
 p - the +6 great mace of the Thirteen Prophets (weapon) {heavy, rF+}
   (Trog gifted it to you on level 10 of the Dungeon)

   rF+:       It protects you from fire.
 y - a +2 whip of freezing
 z - a +0 morningstar
 D - a +0 mace
Missiles
 o - a throwing net
Armour
 r - a +2 hat (worn)
 s - a +1 animal skin (worn)
Jewellery
 h - an amulet of the acrobat (around neck)
 l - a ring of positive energy (left hand)
 C - a ring of ice
Wands
 w - a wand of charming (7)
 A - a wand of flame (12)
 F - a wand of roots (10)
Scrolls
 e - 2 scrolls of vulnerability {unknown}
 k - 2 scrolls of poison
 q - 2 scrolls of enchant armour
 t - 3 scrolls of teleportation
 u - a scroll of butterflies {unknown}
 B - a scroll of silence
Potions
 b - a potion of lignification
 c - 2 potions of heal wounds
 d - a potion of might
 f - 3 potions of brilliance
 g - a potion of berserk rage
 i - 6 potions of curing
 j - 7 potions of haste
 n - a potion of cancellation {unknown}
 v - 3 potions of enlightenment {unknown}
 x - a potion of resistance {unknown}
 E - 2 potions of mutation


   Skills:
 + Level 17.9 Fighting
 * Level 10.8 Maces & Flails
 - Level 2.6 Dodging


You had 10 spell levels left.
You didn't know any spells.
Your spell library was empty.

Dungeon Overview and Level Annotations

Branches:
Dungeon (11/15)            Temple (0/1) D:6            Lair (0/5) D:9
    Orc (0/2) D:10

Altars:
Ashenzari
Cheibriados
Elyvilon
Fedhas
Gozag
Kikubaaqudgha
Nemelex Xobeh
Okawaru
Qazlal
Ru
Sif Muna
Trog
Vehumet
Xom
Yredelemnul

Annotations:
D:8 2 transporters, audacious124's ghost, novice DsEE


Innate Abilities, Weirdness & Mutations

You are too large for most types of armour.
You have a pair of small horns on your head.
You have tough skin. (AC +1)
You gain doubled healing and magic from potions.
Whenever you drink a healing potion, you attack all around you.


Message History

The molten gargoyle hits you with a +0 mace.
* * * LOW HITPOINT WARNING * * *
You are engulfed in flames.
You resist.
* * * LOW HITPOINT WARNING * * *
The troll bites you!
* * * LOW HITPOINT WARNING * * *
The troll barely misses you. The troll claws you but does no damage.
The molten gargoyle closely misses you.
You barely miss the troll.
The troll is heavily wounded.
The troll bites you!
* * * LOW HITPOINT WARNING * * *
The troll barely misses you. The troll closely misses you.
The molten gargoyle closely misses you. The troll bites you but does no damage.
The troll claws you!
* * * LOW HITPOINT WARNING * * *
The troll closely misses you. The molten gargoyle barely misses you.
A red film seems to cover your vision as you go berserk!
You feel yourself moving faster!
You feel mighty! The troll closely misses you. The troll claws you.
* * * LOW HITPOINT WARNING * * *
The troll claws you.
* * * LOW HITPOINT WARNING * * *
The molten gargoyle hits you but does no damage.
A molten gargoyle comes into view. It is wielding a +0 mace.
You barely miss the molten gargoyle. The troll bites you!
* * * LOW HITPOINT WARNING * * *
The troll claws you but does no damage. x2
The molten gargoyle hits you with a +0 mace!!
* * * LOW HITPOINT WARNING * * *
You are engulfed in flames.
You resist.
* * * LOW HITPOINT WARNING * * *
You thump the molten gargoyle!
The molten gargoyle is heavily damaged.
The troll bites you!
* * * LOW HITPOINT WARNING * * *
The troll completely misses you. The troll claws you!
* * * LOW HITPOINT WARNING * * *
The molten gargoyle hits you with a +0 mace!
You die...

#### #### .$... #..#
# .#.#.#...# #.###
#.#.#.#..# #....
....#...# #....
9..#..# #.... #9..#
#...#
#@.###########...#
#T#...............#
≈9##...............'
≈≈.#
#...............#
..≈9.
#[...............
.#.#
#.#########...###
#.# #.# ##### .# #.#
#.+


You could see a troll and 3 molten gargoyles.

Vanquished Creatures
  A two-headed ogre (D:10)
  A deep elf pyromancer (D:10)
  The ghost of Azoth the Insei, a novice DsSh (D:5)
  Joseph (D:7)
  An unseen horror (D:10)
  2 unseen horror zombies (D:8)
  Prince Ribbit (D:7)
  A vampire (D:10)
  A wyvern (D:9)
  A steam dragon (D:7)
  The ghost of BlueFish the Sneak, an amateur OpSh (D:5)
  A water moccasin (D:8)
  An acid dragon (D:9)
  7 orc warriors
  A hornet zombie (D:8)
  5 sky beasts
  2 black bears (D:6)
  4 centaurs
  2 kobold brigands
  6 bullfrogs
  5 scorpions (D:4)
  13 wights
  10 killer bees (D:9)
  A howler monkey (D:7)
  2 bombardier beetles
  7 hounds
  2 jellies (D:5)
  A centaur zombie (D:8)
  7 orc priests
  3 iguanas
  2 sleepcaps
  10 orc wizards
  2 killer bee zombies (D:8)
  3 howler monkey zombies (D:8)
  4 gnolls (D:3)
  8 adders
  2 shadow imps
  2 white imps (D:5)
  2 dart slugs
  2 ribbon worms (D:6)
  43 orcs
  3 endoplasms
  9 giant cockroaches
  9 goblins
  2 hobgoblins
  14 jackals
  6 kobolds
  2 quokkas (D:3)
  10 ball pythons
  9 bats
  5 frilled lizards
  8 rats
249 creatures vanquished.

Notes
Turn   | Place    | Note
-------+----------+-------------------------------------------
     0 | D:1      | lunkers the Oni Berserker began the quest for the Orb.
     0 | D:1      | Reached XP level 1. HP: 24/24 MP: 1/1
    49 | D:1      | Found a faded altar of an unknown god.
   184 | D:1      | Reached XP level 2. HP: 25/32 MP: 2/2
   401 | D:1      | Reached XP level 3. HP: 39/39 MP: 3/3
   555 | D:1      | Reached ** piety under Trog
  1180 | D:2      | Reached XP level 4. HP: 47/48 MP: 4/4
  1642 | D:3      | Reached skill level 5 in Maces & Flails
  1782 | D:3      | Reached XP level 5. HP: 54/54 MP: 5/5
  1801 | D:3      | Reached *** piety under Trog
  2412 | D:4      | Reached XP level 6. HP: 31/62 MP: 6/6
  3251 | D:4      | Reached XP level 7. HP: 36/71 MP: 7/7
  3635 | D:4      | Reached skill level 5 in Fighting
  3912 | D:5      | Entered Level 5 of the Dungeon
  4365 | D:5      | Found a runed translucent gate.
  4367 | D:5      | Found a runed translucent gate.
  4368 | D:5      | Found a runed translucent gate.
  4369 | D:5      | Noticed BlueFish's ghost (amateur OpSh)
  4370 | D:5      | Noticed Azoth's ghost (novice DsSh)
  4691 | D:5      | Reached XP level 8. HP: 79/83 MP: 8/8
  4816 | D:5      | Reached skill level 6 in Fighting
  4967 | D:5      | Killed Azoth's ghost
  4968 | D:5      | Reached skill level 7 in Fighting
  4969 | D:5      | Killed BlueFish's ghost
  4970 | D:5      | Reached skill level 10 in Maces & Flails
  5116 | D:6      | Found a snail-covered altar of Cheibriados.
  5234 | D:6      | Reached XP level 9. HP: 96/96 MP: 9/9
  5237 | D:6      | Found a staircase to the Ecumenical Temple.
  5363 | D:6      | Reached **** piety under Trog
  5364 | D:6      | Reached skill level 8 in Fighting
  5726 | D:6      | Noticed a moth of wrath
  5729 | D:6      | Found a bloodstained altar of Trog.
  5767 | D:6      | Identified the +8 war axe of the Devouring Gods {protect,
                  | Int+6}
  5960 | D:6      | Found a sacrificial altar of Ru.
  6188 | D:6      | Found a blossoming altar of Fedhas.
  6204 | D:6      | Found a broken altar of Ashenzari.
  6257 | D:7      | Reached skill level 9 in Fighting
  6406 | D:7      | Reached skill level 10 in Fighting
  6551 | D:7      | Found an iron altar of Okawaru.
  6601 | D:7      | Noticed Joseph
  6613 | D:7      | Killed Joseph
  6614 | D:7      | Reached skill level 11 in Fighting
  6886 | D:7      | Reached skill level 12 in Fighting
  7103 | D:7      | Noticed Prince Ribbit
  7114 | D:7      | Reached XP level 10. HP: 101/117 MP: 10/10
  7120 | D:7      | Killed Prince Ribbit
  7125 | D:7      | Reached skill level 13 in Fighting
  7446 | D:8      | Found a shimmering altar of Xom.
  7446 | D:8      | Found a shimmering altar of Xom.
  7491 | D:8      | Found a shimmering altar of Xom.
  7492 | D:8      | Found a shimmering altar of Xom.
  7547 | D:8      | Found a transporter.
  7552 | D:8      | Found a transporter.
  7556 | D:8      | Noticed audacious124's ghost (novice DsEE)
  7740 | D:8      | Reached skill level 14 in Fighting
  8113 | D:8      | Reached ***** piety under Trog
  8247 | D:8      | Found a shimmering altar of Xom.
  8414 | D:9      | Reached skill level 15 in Fighting
  8635 | D:9      | Found a staircase to the Lair.
  9041 | D:9      | Found a stormy altar of Qazlal.
  9051 | D:9      | Found a basalt altar of Yredelemnul.
  9428 | D:9      | Found a sparkling altar of Nemelex Xobeh.
  9428 | D:9      | Found an opulent altar of Gozag.
  9434 | D:9      | Reached skill level 16 in Fighting
  9685 | D:10     | Entered Level 10 of the Dungeon
  9795 | D:10     | Killed an unseen horror
  9978 | D:10     | Reached XP level 11. HP: 128/136 MP: 11/11
 10188 | D:10     | Noticed a deep elf pyromancer
 10196 | D:10     | Killed a deep elf pyromancer
 10197 | D:10     | Reached skill level 17 in Fighting
 10283 | D:10     | Found a white marble altar of Elyvilon.
 10287 | D:10     | Found a radiant altar of Vehumet.
 10295 | D:10     | Found an ancient bone altar of Kikubaaqudgha.
 10296 | D:10     | Found a shimmering blue altar of Sif Muna.
 10474 | D:10     | Found a staircase to the Orcish Mines.
 10559 | D:10     | Noticed a two-headed ogre
 10565 | D:10     | Killed a two-headed ogre
 10699 | D:10     | Identified the +6 great mace of the Thirteen Prophets
                  | {heavy, rF+} (Trog gifted it to you on level 10 of the
                  | Dungeon)
 10699 | D:10     | Received a gift from Trog
 11072 | D:11     | HP: 10/210 [troll (9)]
 11072 | D:11     | HP: 2/210 [troll (8)]
 11072 | D:11     | Demolished by a molten gargoyle

Illustrated notes

Levels and vault maps discovered:
D:1:      heliophobic_arrival_henge, layout_basic,
          dreamdust_ecumenical_altar_angels_and_demons
D:2:      layout_basic
D:3:      layout_basic
D:4:      old_forge, layout_gridville, chequers_serial_rivers_small_b
D:5:      layout_loops_cross, gammafunk_ghost_cemetery,
          minmay_stone_trees_small, minmay_hedge_maze, minivault_27
D:6:      layout_loops_corners, mainiacjoe_overflow_cross_hatched, tgw_trog,
          kennysheep_slug_shrine, mainiacjoe_overflow_swirl,
          minmay_temple_entry_offerings
D:7:      layout_basic, kennysheep_okawaru_gauntlet, uniq_prince_ribbit1,
          uniq_joseph
D:8:      layout_basic, xom_shifter_show, serial_undead, serial_undead_b,
          serial_undead_a, serial_undead_e, serial_undead_d,
          gammafunk_ghost_hive
D:9:      layout_small_grid, grunt_temple_overflow_opulence,
          mainiacjoe_overflow_big_doors, dpeg_oklobed_lair
D:10:     layout_grid_maze, grunt_temple_overflow_magic_moments,
          general_overflow_altar, david_orc_4, grunt_ogre_cave
D:11:     layout_irregular_city, kennysheep_pointless_box, minivault_8

Skill      XL: |  1  2  3  4  5  6  7  8  9 10 11 |
---------------+----------------------------------+-----
Maces & Flails | 4 5 6 7 8 10 | 10.8
Fighting       | 5 7 12 16 17 | 17.9
Dodging        | |  2.6

Action                     |  1- 3 |  4- 6 |  7- 9 | 10-12 || total
---------------------------+-------+-------+-------+-------++-------
  Melee: Mace              |   108 |   140 |    99 |       ||   347
         Headbutt          |    11 |    21 |    34 |    37 ||   103
         Punch             |     2 |       |     4 |       ||     6
         Morningstar       |       |       |   123 |       ||   123
         War axe           |       |       |    88 |    63 ||   151
         Battleaxe         |       |       |       |    94 ||    94
         Great mace        |       |       |       |     6 ||     6
 Invoke: Berserk           |       |     3 |     4 |     5 ||    12
    Use: Scroll            |       |       |       |    17 ||    17
   Stab: Distracted        |     1 |       |       |       ||     1
 Armour: Animal skin       |    88 |   105 |   235 |   231 ||   659
  Dodge: Dodged            |    70 |   105 |   211 |   166 ||   552

Table legend: (Time is in decaauts)
 A = Elapsed time spent in this place.
 B = Non-inter-level travel time spent in this place.
 C = Inter-level travel time spent in this place.
 D = Time resting spent in this place.
 E = Time spent auto-exploring this place.
 F = Levels seen in this place.
 G = Mean time per level.
                   A        B        C        D        E       F      G
               +--------+--------+--------+--------+--------+-----+--------+
         Total |  11262 |  11031 |    231 |     67 |   9293 |  11 | 1023.8 |
       Dungeon |  11262 |  11031 |    231 |     67 |   9293 |  11 | 1023.8 |
               +--------+--------+--------+--------+--------+-----+--------+

Top non-repeatable levels by time:
     D:4: 1546 daAuts
    D:10: 1386 daAuts
     D:9: 1322 daAuts
     D:6: 1194 daAuts
     D:7: 1180 daAuts
     D:5: 1154 daAuts
     D:8: 1002 daAuts
     D:1: 948 daAuts
     D:3: 924 daAuts
     D:2: 558 daAuts
    D:11: 44 daAuts
